 Dungeon Crawl Stone Soup version 0.31.0-9-g3a7656b989 (webtiles) character file.

Game seed: 11051386388939001529

34 bonble the Covered (level 3, -1/33 HPs)
             Began as a Minotaur Fighter on Jan 26, 2024.
             Slain by Crazy Yiuf
             ... wielding a +2 quarterstaff of chaos
              (8 damage)
             ... on level 2 of the Dungeon.
             The game lasted 00:09:30 (1498 turns).

bonble the Covered (Minotaur Fighter)               Turns: 1498, Time: 00:09:34

Health: -1/33      AC:  7    Str: 22    XL:     3   Next: 14%
Magic:  2/2        EV:  9    Int:  5    God:
Gold:   75         SH:  4    Dex:  9    Spells: 2/2 levels left

rFire   . . .        m - +0 mace
rCold   . . .        c - +0 buckler
rNeg    . . .        b - +0 scale mail
rPois   .            (helmet restricted)
rElec   .            (no cloak)
rCorr   .            (no gloves)
SInv    .            (no boots)
Will    .....        (no amulet) Stlth
                     (no ring)
HPRegen 0.25/turn    (no ring)
MPRegen 0.08/turn

%: no passive effects
@: lethally poisoned (-1 -> -10)
A: horns 2, retaliatory headbutt
a: no special abilities


You were on level 2 of the Dungeon.
You visited 1 branch of the dungeon, and saw 2 of its levels.

You collected 75 gold pieces.

Inventory:

Hand Weapons
 a - a +0 long sword
 j - a +0 dagger
 m - a +0 mace (weapon)
 o - a +0 dagger
 p - a +0 mace
 t - a +0 sling
 u - a +0 dagger
 v - a +0 dagger
 x - a +0 short sword of venom
 y - a +0 dagger
 z - a +0 short sword
Missiles
 h - 17 stones (quivered)
Armour
 b - a +0 scale mail (worn)
 c - a +0 buckler (worn)
 f - a +0 ring mail
 i - a +0 leather armour
 l - a +0 ring mail
Talismans
 e - a flux talisman
 A - a flux talisman
Scrolls
 g - 2 scrolls of immolation {unknown}
 k - a scroll of identify {unknown}
 s - a scroll of summoning {unknown}
 w - a scroll of vulnerability {unknown}
Potions
 d - a potion of might
 n - 2 potions of lignification {unknown}
 q - a potion of heal wounds {unknown}
 r - a potion of curing {unknown}


   Skills:
 + Level 4.0 Fighting
 + Level 2.8 Long Blades
 + Level 4.2 Armour
 + Level 0.2 Dodging
 + Level 4.0 Shields


You had 2 spell levels left.
You didn't know any spells.
Your spell library contained the following spells:

 Spells                   Type           Power      Damage    Failure   Level
 Sandblast                Erth           0%         2d4       86%         1
 Shock                    Conj/Air       0%         1d3       86%         1
 Passwall                 Erth           0%         N/A       99%         3
 Stone Arrow              Conj/Erth      0%         3d7       99%         3
 Swiftness                Air            0%         N/A       99%         3
 Airstrike                Air            0%         2d(0-16)  100%        4
 Brom's Barrelling Bould  Conj/Erth      0%         2d3       100%        4


Dungeon Overview and Level Annotations

Branches:
Dungeon (2/15)

Altars:

Annotations:
D:2 Crazy Yiuf


Innate Abilities, Weirdness & Mutations

You have a pair of horns on your head.
You reflexively headbutt those who attack you in melee.


Message History

The web tears apart.
The ribbon worm bites you.
You hit the ribbon worm. You headbutt the ribbon worm.
The ribbon worm is severely wounded.
You block the ribbon worm's attack.
You hit the ribbon worm.
The ribbon worm is almost dead.
You block the ribbon worm's attack.
You thump the ribbon worm!
You kill the ribbon worm!
You see here a flux talisman.
You start waiting.
Done waiting.
You see here a flux talisman.
A - a flux talisman
Found a hammer.
Found a runed translucent door.
Crazy Yiuf shouts!
Crazy Yiuf laughs, "Walk sing testudinal!"
Press: ? - help, v - describe, . - travel A runed translucent door.
You open the door. You barely miss Crazy Yiuf. Crazy Yiuf closely misses you.
You furiously retaliate!
You headbutt Crazy Yiuf.
Crazy Yiuf hits you with a +2 quarterstaff of chaos.
Crazy Yiuf burns you.
You closely miss Crazy Yiuf. Your headbutt misses Crazy Yiuf.
Crazy Yiuf is moderately wounded.
Crazy Yiuf hits you with a +2 quarterstaff of chaos!
You are lethally poisoned!
You sock Crazy Yiuf! You headbutt Crazy Yiuf.
Crazy Yiuf is almost dead.
You feel very sick. Crazy Yiuf hits you but does no damage.
You hit Crazy Yiuf but do no damage.
Crazy Yiuf is almost dead.
* * * LOW HITPOINT WARNING * * *
You feel very sick.
Crazy Yiuf yells, "East!"
You block Crazy Yiuf's attack.
Crazy Yiuf hits you with a +2 quarterstaff of chaos!
You die...

....#
#.#####..##
.##.# #.#
#....# ###.#
#.# ♣....♣
....# #.#
♣...♣♣ .####
###.## ♣♣.♣♣
.######....#
♣.♣♣
......#.##.#
♣♣.♣
.....##.##.#
♣.♣♣
.........#.#
♣♣@♣
......####.#
#g#
......#....#
...
......#.##.#
#...#
........>..#
#..)#
......#..###
#####
..........#
.#........#
.#####....#


You could see Crazy Yiuf.

Vanquished Creatures
  2 dart slugs (D:2)
  2 ribbon worms (D:2)
  An endoplasm (D:1)
  3 goblins
  2 hobgoblins (D:1)
  4 jackals (D:2)
  A kobold (D:1)
  A quokka (D:2)
  2 ball pythons (D:1)
  A frilled lizard (D:1)
  4 rats (D:1)
23 creatures vanquished.

Notes
Turn   | Place    | Note
-------+----------+-------------------------------------------
     0 | D:1      | bonble the Minotaur Fighter began the quest for the Orb.
     0 | D:1      | Reached XP level 1. HP: 19/19 MP: 0/0
   243 | D:1      | Reached XP level 2. HP: 27/27 MP: 1/1
  1295 | D:2      | Reached XP level 3. HP: 33/33 MP: 2/2
  1488 | D:2      | Found a runed translucent door.
  1489 | D:2      | Noticed Crazy Yiuf
  1498 | D:2      | Slain by Crazy Yiuf

Illustrated notes

Levels and vault maps discovered:
D:1:      dpeg_arrival_ternary, layout_loops_ring, kennysheep_crisscross
D:2:      minmay_chambers_of_ones, layout_basic, basic_altar,
          grunt_decor_fettered, uniq_crazy_yiuf_cottage, uniq_jessica

Skill      XL: |  1  2 |
---------------+-------+-----
Armour         | 4 |  4.2
Fighting       | 4 |  4.0
Shields        | 4 |  4.0
Long Blades    | |  2.8
Dodging        | |  0.2

Action                     || total
---------------------------++-------
  Melee: Long sword        ||    51
         Headbutt          ||    11
         Mace              ||    10
 Armour: Scale mail        ||    39
  Dodge: Dodged            ||    26
  Block: Buckler           ||    15
